 Dungeon Crawl Stone Soup version 0.19.0-18-g426998a (webtiles) character file.

14174 Kwzr the Nimble (level 12, 0/68 HPs)
             Began as a Tengu Monk on Nov 11, 2016.
             Was a Priest of Qazlal.
             Slain by a spiny frog (9 damage)
             ... on level 2 of the Lair of Beasts.
             The game lasted 01:14:21 (13561 turns).

Kwzr the Nimble (Tengu Monk)                       Turns: 13561, Time: 01:14:21

Health: 0/68       AC: 16    Str: 11    XL:     12   Next: 13%
Magic:  13/19      EV:  7    Int: 12    God:    Qazlal [***...]
Gold:   818        SH:  4    Dex: 21    Spells: 0 memorised, 11 levels left

rFire  + . .     SeeInvis .     j - +1 halberd (vamp)
rCold  . . .     Gourm    .     n - +1 plate armour
rNeg   . . .     Faith    .     (shield currently unavailable)
rPois  .         Spirit   .     O - -2 hat of Liberty {+Fly} (curse)
rElec  .         Reflect  .     (no cloak)
rCorr  .         Harm     .     k - +0 pair of gloves
MR     .....     Clarity  +     (boots unavailable)
Stlth  ..........               K - amulet of regeneration
                                J - +1 ring of protection
                                g - ring of protection from fire

@: lethally poisoned (0 -> -5)
A: beak, talons 3, blurry vision 1, clarity, wild magic 1, able to fly 1
a: Fly, Upheaval, Elemental Force, Renounce Religion, Evoke Flight


You were on level 2 of the Lair of Beasts.
You worshipped Qazlal.
Qazlal was most pleased with you.
You were full.

You visited 4 branches of the dungeon, and saw 15 of its levels.

You collected 818 gold pieces.

Inventory:

Hand Weapons
 a - a +0 falchion
 j - a +1 vampiric halberd (weapon)
 H - a +0 great sword
 P - a cursed -3 war axe
Missiles
 f - 35 bolts
 q - 68 sling bullets
Armour
 k - a +0 pair of gloves (worn)
 l - a +0 scale mail
 n - a +1 plate armour (worn)
 x - a +2 hat
 O - the cursed -2 hat of Liberty (worn) {+Fly}
   (You found it on level 1 of the Lair of Beasts)

   It lets you fly.
   It has a curse placed upon it.
Jewellery
 g - a ring of protection from fire (left hand)
 r - an uncursed amulet of the gourmand
 J - a +1 ring of protection (right hand)
 K - an amulet of regeneration (around neck)
Wands
 h - a wand of random effects (23/48)
 p - a wand of teleportation (2/9)
 t - a wand of polymorph (0/24)
 w - a wand of lightning (0/15)
 L - a wand of polymorph (8/24)
 N - a wand of iceblast (8/15)
Scrolls
 i - a scroll of blinking
 s - a scroll of magic mapping
 v - 4 scrolls of fog
 y - 4 scrolls of identify
 C - 7 scrolls of teleportation
 G - 2 scrolls of enchant armour
 Q - a scroll of remove curse
 U - a scroll of acquirement {unknown}
Potions
 b - 3 potions of might
 e - a potion of haste
 u - 5 potions of lignification
 z - a potion of cancellation
 A - 3 potions of ambrosia
 E - a potion of agility
 F - a potion of brilliance
 R - 2 potions of invisibility {unknown}
Books
 m - a book of Necromancy

   Spells                             Type                      Level
   a - Pain                           Necromancy                   1
   b - Animate Skeleton               Necromancy                   1
   c - Vampiric Draining              Necromancy                   3
   d - Regeneration                   Charms/Necromancy            3
   e - Animate Dead                   Necromancy                   4
   f - Control Undead                 Necromancy                   4
 D - a book of Conjurations

   Spells                             Type                      Level
   a - Magic Dart                     Conjuration                  1
   b - Searing Ray                    Conjuration                  2
   c - Dazzling Spray                 Conjuration/Hexes            3
   d - Fulminant Prism                Conjuration/Hexes            4
   e - Iskenderun's Mystic Blast      Conjuration                  4
   f - Iskenderun's Battlesphere      Conjuration/Charms           5
 I - a book of Flames

   Spells                             Type                      Level
   a - Flame Tongue                   Conjuration/Fire             1
   b - Throw Flame                    Conjuration/Fire             2
   c - Conjure Flame                  Conjuration/Fire             3
   d - Inner Flame                    Hexes/Fire                   3
   e - Sticky Flame                   Conjuration/Fire             4
   f - Fireball                       Conjuration/Fire             5
Miscellaneous
 S - a phial of floods (inert)
Comestibles
 c - 11 bread rations
 d - 8 meat rations
 o - 30 fruits
 B - 11 royal jellies
 M - a beef jerky
 T - a slice of pizza


   Skills:
 - Level 5.1 Fighting
 - Level 5.4 Long Blades
 - Level 10.5 Polearms
 - Level 10.0 Armour
 + Level 10.6 Dodging
 - Level 2.0 Stealth
 - Level 8.2 Invocations


You had 11 spell levels left.
You didn't know any spells.

Dungeon Overview and Level Annotations

Branches:
Dungeon (11/15)            Temple (1/1) D:6            Lair (2/6) D:8
 Shoals (0/4) Lair:2          Orc (1/2) D:9
  Snake: Lair:2-4    Spider: Lair:2-4

Altars:
Fedhas
Hepliaklqana
Kikubaaqudgha
Okawaru
Qazlal
Trog
Xom
Zin

Shops:
D:9 (   Orc:1 [

Annotations:
D:3 Tyryt0's ghost, amateur DgFi
Lair:1 Nergalle


Innate Abilities, Weirdness & Mutations

You have a beak for a mouth.
You have claws for feet.
You can fly.
Scrolls take you a little longer to read.
You possess an exceptional clarity of mind.
Your spells are a little harder to cast, but a little more powerful.


Message History

The spiny frog is heavily wounded.
You feel sick. The spiny frog barely misses you. The spiny frog stings you!
* * * LOW HITPOINT WARNING * * *
You are more poisoned.
The spiny frog poisons you!
You hit the spiny frog but do no damage.
You peck the spiny frog.
The spiny frog is heavily wounded.
You feel sick. The spiny frog closely misses you.
You feel sick.
You see here a yak corpse.
You feel very sick.
You feel sick.
You feel sick.
You feel sick. The spiny frog closely misses you.
Clouds arounds you coalesce and take form!
The storm surrounding you is now too weak to repel missiles.
You no longer adapt resistances upon receiving elemental damage.
You feel sick. The spiny frog stings you!
You die...

##.......##...####...##
##........##....###.....
#..........#...##.#.....
#...................###
#.#...#.............#.##
##.#....E..#....#.....P#
###†....E.........†.†##
##†##FE......###...#P
#...@§......#.##)....
##.#.........##.#...#
.#...E......#####..#.
#........#...##).....
##.........###≈≈.....
#......P###≈≈≈≈....≈
##.##.#†## ≈≈≈≈≈#####
...##.#.# ≈≈≈≈#
#........# ≈≈≈#


You could see a spiny frog, 2 friendly fire elementals and 2 friendly air
elementals.

Vanquished Creatures
  2 hydras
  The ghost of Jerry the Cutter, a novice VSGl of Uskayaw (D:9)
  A hill giant (D:10)
  Pikel (D:5)
  A siren (Lair:2)
  A black mamba (Lair:1)
  A komodo dragon (Lair:2)
  2 trolls
  Prince Ribbit (D:7)
  7 hippogriffs
  A wyvern (D:8)
  10 yaks
  A hungry ghost (D:9)
  Edmund (D:5)
  3 water moccasins (Lair:1)
  A soldier ant (D:8)
  3 porcupines (Lair:1)
  An ice beast (D:6)
  A phantom (D:6)
  2 sky beasts
  2 orc warriors
  A slave (D:5)
  9 wolves (Lair:1)
  A necrophage (D:6)
  4 centaurs
  4 ogres
  2 crocodiles (Lair:1)
  A big kobold (D:8)
  Blork the orc (D:4)
  8 bullfrogs
  A wyvern skeleton (D:9)
  3 scorpions
  7 killer bees (D:7)
  4 wights (D:9)
  4 crimson imps
  2 howler monkeys
  A quasit (D:8)
  A centaur zombie (D:7)
  5 hounds
  4 orc priests
  A centaur skeleton (D:8)
  3 jellies (D:8)
  2 bullfrog skeletons
  Jessica (D:2)
  3 iguanas
  5 worker ants
  10 orc wizards
  A hell rat (D:6)
  A killer bee zombie (D:10)
  A hound skeleton (D:4)
  2 hound zombies (D:9)
  2 howler monkey zombies
  12 adders
  7 gnolls
  A howler monkey skeleton (D:6)
  3 shadow imps
  7 oozes
  3 adder skeletons
  2 worms
  3 dart slugs
  6 leopard geckos
  11 orcs
  6 giant cockroaches
  4 goblins
  7 hobgoblins
  9 jackals
  16 kobolds
  2 quokkas
  3 ball pythons
  4 bats
  5 frilled lizards
  A quokka skeleton (D:5)
  7 rats
  3 fungi
261 creatures vanquished.

Vanquished Creatures (collateral kills)
  Erica (D:10)
  An ugly thing (D:10)
  A komodo dragon (Lair:1)
  A yak (D:10)
  A porcupine (Lair:1)
  2 wolves (Lair:1)
  A bullfrog (Lair:1)
8 creatures vanquished.

Vanquished Creatures (others)
  A wizard (D:6)
  An adder skeleton (D:6)
  A fungus (Lair:2)
  A plant (Lair:1)
4 creatures vanquished.

Grand Total: 273 creatures vanquished

Notes
Turn   | Place    | Note
-------+----------+-------------------------------------------
     0 | D:1      | Kwzr the Tengu Monk began the quest for the Orb.
     0 | D:1      | Reached XP level 1. HP: 14/14 MP: 2/2
   301 | D:1      | Reached XP level 2. HP: 15/19 MP: 3/3
   574 | D:1      | Reached XP level 3. HP: 23/23 MP: 4/4
   731 | D:2      | Found a bloodstained altar of Trog.
   737 | D:2      | Noticed Jessica
   868 | D:2      | Killed Jessica
   868 | D:2      | Reached XP level 4. HP: 28/28 MP: 5/5
  1387 | D:3      | Found a stormy altar of Qazlal.
  1396 | D:3      | Noticed Tyryt0's ghost (amateur DgFi)
  1397 | D:3      | Became a worshipper of Qazlal Stormbringer
  1397 | D:3      | Reached * piety under Qazlal
  1397 | D:3      | Reached ** piety under Qazlal
  1507 | D:3      | Reached skill level 1 in Armour
  1512 | D:3      | Gained mutation: You can fly. [Tengu growth]
  1512 | D:3      | Reached XP level 5. HP: 12/32 MP: 6/6
  1534 | D:2      | Reached skill level 5 in Dodging
  2125 | D:4      | Noticed an ogre
  2153 | D:5      | Entered Level 5 of the Dungeon
  2296 | D:5      | Found a blossoming altar of Fedhas.
  2353 | D:4      | Noticed Blork the orc
  2412 | D:3      | Reached XP level 6. HP: 24/37 MP: 7/7
  3378 | D:4      | Reached skill level 5 in Long Blades
  3473 | D:4      | Killed Blork the orc
  3525 | D:4      | Reached XP level 7. HP: 24/41 MP: 8/8
  4011 | D:5      | Reached skill level 5 in Armour
  4072 | D:5      | Noticed Edmund
  4093 | D:5      | Killed Edmund
  4959 | D:6      | Found a staircase to the Ecumenical Temple.
  4975 | D:6      | Reached XP level 8. HP: 48/48 MP: 9/9
  4996 | D:6      | Noticed Pikel
  5093 | D:5      | Reached *** piety under Qazlal
  5231 | D:5      | Killed Pikel
  5516 | D:6      | Found a bloodstained altar of Trog.
  5519 | D:6      | Noticed a wizard
  5525 | D:6      | Killed a wizard
  5763 | Temple   | Entered the Ecumenical Temple
  5783 | Temple   | Gained mutation: Your spells are a little harder to cast, but a little more powerful. [potion of mutation]
  5783 | Temple   | Gained mutation: Scrolls take you a little longer to read. [potion of mutation]
  5783 | Temple   | Gained mutation: You possess an exceptional clarity of mind. [potion of mutation]
  5929 | D:7      | Reached XP level 9. HP: 43/52 MP: 10/10
  6476 | D:7      | Found a hazy altar of Hepliaklqana.
  6838 | D:7      | Noticed Prince Ribbit
  6848 | D:7      | Found an ancient bone altar of Kikubaaqudgha.
  6855 | D:7      | Killed Prince Ribbit
  8129 | D:8      | Found a glowing silver altar of Zin.
  8194 | D:8      | Found an iron altar of Okawaru.
  8223 | D:8      | Found a staircase to the Lair.
  8241 | D:8      | Reached XP level 10. HP: 39/58 MP: 11/11
  8273 | D:8      | Reached **** piety under Qazlal
  8420 | D:8      | Found a bloodstained altar of Trog.
  8443 | D:8      | Found a shimmering altar of Xom.
  8890 | D:9      | Found Muubbila's Weapon Boutique.
  8909 | D:9      | Reached skill level 5 in Fighting
  9097 | D:9      | Noticed Jerry's ghost (novice VSGl)
  9187 | D:9      | Killed Jerry's ghost
  9209 | D:9      | Reached skill level 10 in Polearms
  9227 | D:9      | Found a staircase to the Orcish Mines.
  9512 | Lair:1   | Entered Level 1 of the Lair of Beasts
  9515 | Lair:1   | Noticed a four-headed hydra
  9518 | Lair:1   | Reached skill level 1 in Invocations
  9553 | D:8      | Killed a six-headed hydra
  9875 | Lair:1   | Reached XP level 11. HP: 38/63 MP: 15/15
  9976 | Lair:1   | Reached skill level 5 in Invocations
 10593 | Lair:1   | Got a slimy hat
 10604 | Lair:1   | Identified the cursed -2 hat of Liberty {+Fly} (You found it on level 1 of the Lair of Beasts)
 10939 | Lair:2   | Noticed Nergalle
 11399 | Orc:1    | Entered Level 1 of the Orcish Mines
 11399 | Orc:1    | Found Jiditup's Armour Shoppe.
 11424 | D:10     | Entered Level 10 of the Dungeon
 11512 | D:10     | Noticed a hill giant
 11548 | D:10     | Killed a hill giant
 11993 | D:10     | Noticed Erica
 12195 | D:10     | Noticed a green ugly thing
 12224 | D:10     | Killed Erica
 12231 | D:10     | Killed a green ugly thing
 13327 | Lair:2   | Reached skill level 10 in Armour
 13371 | Lair:2   | Found a staircase to the Shoals.
 13389 | Lair:2   | Reached XP level 12. HP: 52/68 MP: 19/19
 13401 | Lair:2   | Noticed a four-headed hydra
 13419 | Lair:2   | Killed a four-headed hydra
 13419 | Lair:2   | Reached skill level 10 in Dodging
 13561 | Lair:2   | Slain by a spiny frog

Skill      XL: |  1  2  3  4  5  6  7  8  9 10 11 12 |
---------------+-------------------------------------+-----
Dodging        | 4 5 6 9 10 | 10.6
Long Blades    | 4 5 |  5.4
Armour         | 1 2 4 6 9 10 | 10.0
Fighting       | 4 5 |  5.1
Polearms       | 2 8 9 10 | 10.5
Invocations    | 4 8 |  8.2
Stealth        | |  2.0

Action                   |  1- 3 |  4- 6 |  7- 9 | 10-12 || total
-------------------------+-------+-------+-------+-------++-------
Melee: Falchion          |    58 |   198 |    62 |       ||   318
       Kick              |    17 |    74 |    91 |   229 ||   411
       Peck              |     7 |    46 |    83 |   139 ||   275
       Halberd           |       |       |   293 |   660 ||   953
Invok: Upheaval          |       |     1 |       |       ||     1
       Elemental Force   |       |       |       |     6 ||     6
 Abil: Fly               |       |     1 |       |     1 ||     2
Evoke: Wand              |       |       |     3 |    12 ||    15
       Phial of floods   |       |       |       |     1 ||     1
  Use: Scroll            |       |     9 |     9 |     6 ||    24
       Potion            |       |     1 |     9 |     5 ||    15
 Stab: Sleeping          |     1 |     1 |       |       ||     2
  Eat: Chunk             |       |     6 |    10 |    24 ||    40
       Fruit             |       |     1 |     1 |     1 ||     3
       Beef jerky        |       |     1 |     1 |     1 ||     3
       Meat ration       |       |       |     2 |       ||     2
Armor: Robe              |     8 |       |       |       ||     8
       Ring mail         |       |    42 |    38 |       ||    80
       Skin              |       |     6 |       |       ||     6
       Scale mail        |       |       |    27 |       ||    27
       Plate armour      |       |       |   122 |   472 ||   594
Dodge: Dodged            |    46 |   125 |   151 |   184 ||   506
       Deflected         |       |       |       |     4 ||     4
Block: Other             |       |    11 |    50 |   134 ||   195
       Rpst.: Falchion   |    16 |    40 |     8 |       ||    64
